 Dungeon Crawl Stone Soup version 0.24.0-28-g17ded55e90 (webtiles) character file.

Game seed: 5268829074949666362, levelgen mode: deterministic

155 Delamore the Chopper (level 5, 0/45 HPs)
             Began as a Hill Orc Fighter on Nov 11, 2019.
             Killed from afar by Sigmund (5 damage)
             ... with a magic dart
             ... on level 3 of the Dungeon.
             The game lasted 00:02:35 (2465 turns).

Delamore the Chopper (Hill Orc Fighter)             Turns: 2465, Time: 00:02:36

Health: 0/45       AC:  9    Str: 20    XL:     5   Next: 37%
Magic:  5/5        EV:  7    Int:  8    God:
Gold:   152        SH:  9    Dex: 10    Spells: 4/4 levels left

rFire    . . .     SeeInvis .   a - +0 war axe
rCold    . . .     Gourm    .   c - +0 shield
rNeg     . . .     Faith    .   b - +0 scale mail
rPois    .         Spirit   .   (no helmet)
rElec    .         Reflect  .   q - +0 cloak
rCorr    .         Harm     .   l - +0 pair of gloves
MR       .....                  (no boots)
Stlth    ..........             (no amulet)
HPRegen  0.15/turn              (no ring)
MPRegen  0.09/turn              (no ring)

@: no status effects
A: no striking features
a: no special abilities


You were on level 3 of the Dungeon.
You were not hungry.

You visited 1 branch of the dungeon, and saw 4 of its levels.

You collected 152 gold pieces.

Inventory:

Hand Weapons
 a - a +0 war axe (weapon)
Armour
 b - a +0 scale mail (worn)
 c - a +0 shield (worn)
 l - a +0 pair of gloves (worn)
 q - a +0 cloak (worn)
Scrolls
 e - 2 scrolls of remove curse {unknown}
 i - a scroll of fear {unknown}
 j - 4 scrolls of magic mapping {unknown}
 k - 8 scrolls of identify {unknown}
 n - a scroll of teleportation {unknown}
Potions
 d - 2 potions of might
 g - a potion of haste
 h - 2 potions of curing {unknown}
 m - a potion of ambrosia {unknown}
 o - 2 potions of lignification {unknown}
 p - a potion of flight {unknown}
 s - 2 potions of resistance {unknown}
Comestibles
 f - 8 rations
 r - 2 chunks of flesh


   Skills:
 - Level 3.6 Fighting
 + Level 7.2 Axes
 - Level 3.2 Armour
 - Level 3.2 Shields


You had 4 spell levels left.
You didn't know any spells.
Your spell library was empty.

Dungeon Overview and Level Annotations

Branches:
Dungeon (4/15)
 Temple: D:4-7

Altars:
Okawaru
Ru

Annotations:
D:3 Sigmund


Message History

Sigmund is moderately wounded.
Sigmund hits you with a +0 scythe.
You closely miss Sigmund.
Sigmund is moderately wounded.
Sigmund gestures at you while chanting. The puff of flame hits you.
* * * LOW HITPOINT WARNING * * *
You closely miss Sigmund.
Sigmund is moderately wounded.
Sigmund hits you with a +0 scythe.
* * * LOW HITPOINT WARNING * * *
You closely miss Sigmund.
Sigmund is moderately wounded.
Sigmund hits you with a +0 scythe.
* * * LOW HITPOINT WARNING * * *
You hit Sigmund.
Sigmund is heavily wounded.
Sigmund gestures at you while chanting. The magic dart hits you.
You die...

#.# #.# #.# #.# #.# ### .
######.### #.. .##
#....>...# #.# ..#
#.####.#.# #.# ##.# #.#
#.#.# #@# .###..# #.# #.#.#
##@#####.... ..#.# #.#
#.#.### #........# #..##
#.# #.....# #..#######
#...# #.# #(###.####..## .#
#.#.# #.# #.#
#........##### .# #.#.. ..#
#.###.####...#...###[#
#.##. .##
#..............#...._#
#..#.
.#####.#.##.####......##..#
##.##


You could see Sigmund.

Vanquished Creatures
  Crazy Yiuf (D:2)
  A worker ant (D:4)
  3 adders
  An ooze (D:3)
  A worm (D:2)
  4 dart slugs
  A leopard gecko (D:3)
  5 orcs
  4 giant cockroaches
  6 goblins
  6 hobgoblins
  6 jackals
  5 kobolds
  A quokka (D:2)
  A ball python (D:2)
  2 bats (D:1)
  3 frilled lizards
  3 rats
54 creatures vanquished.

Notes
Turn   | Place    | Note
-------+----------+-------------------------------------------
     0 | D:1      | Delamore the Hill Orc Fighter began the quest for the Orb.
     0 | D:1      | Reached XP level 1. HP: 19/19 MP: 1/1
    20 | D:1      | Reached skill level 3 in Axes
    91 | D:1      | Reached XP level 2. HP: 26/26 MP: 2/2
   307 | D:1      | Reached skill level 4 in Axes
   598 | D:2      | Reached XP level 3. HP: 30/31 MP: 3/3
   613 | D:2      | Found a runed translucent door.
   614 | D:2      | Noticed Crazy Yiuf
   659 | D:2      | Reached skill level 5 in Axes
   814 | D:2      | Found an iron altar of Okawaru.
  1458 | D:2      | Reached XP level 4. HP: 39/39 MP: 4/4
  1639 | D:2      | Killed Crazy Yiuf
  1639 | D:2      | Reached skill level 6 in Axes
  1914 | D:3      | Found a sacrificial altar of Ru.
  1949 | D:3      | Reached XP level 5. HP: 38/45 MP: 5/5
  2310 | D:3      | Noticed Sigmund
  2350 | D:4      | Reached skill level 7 in Axes
  2465 | D:3      | Killed from afar by Sigmund

Levels and vault maps discovered:
D:1:      elethiomel_arrival_shortcut, layout_basic
D:2:      layout_basic, okawaru_ov_weapons_minmay, uniq_crazy_yiuf_cottage
D:3:      layout_loops_ring, overflow_temple_1_default, hex_large, uniq_sigmund
D:4:      layout_cave_pools, lemuel_crystal_altar, temple_green,
          serial_bayou_pond_e

Skill      XL: |  1  2  3  4  5 |
---------------+----------------+-----
Axes           | 3 4 5 6 7 |  7.2
Fighting       | |  3.6
Armour         | |  3.2
Shields        | |  3.2

Action                   |  1- 3 |  4- 6 || total
-------------------------+-------+-------++-------
Melee: War axe           |    95 |    81 ||   176
  Use: Potion            |       |     1 ||     1
  Eat: Chunk             |     1 |     4 ||     5
Armor: Scale mail        |    32 |    33 ||    65
Dodge: Dodged            |    28 |    13 ||    41
Block: Shield            |    49 |    31 ||    80
